 Dungeon Crawl Stone Soup version 0.30.1-11-g7821555f0a (webtiles) character file.

Game seed: 14874027537644455055

1999 Ekaitz the Zephyrmancer (level 9, -1/52 HPs)
             Began as a Tengu Air Elementalist on Dec 20, 2023.
             Was an Initiate of Vehumet.
             Slain by a yak (6 damage)
             ... on level 6 of the Dungeon.
             The game lasted 00:09:24 (6245 turns).

Ekaitz the Zephyrmancer (Tengu Air Elementalist)    Turns: 6245, Time: 00:09:24

Health: -1/52      AC:  4    Str:  8    XL:     9   Next: 21%
Magic:  0/17       EV: 17    Int: 18    God:    Vehumet [......]
Gold:   233        SH:  0    Dex: 17    Spells: 6/18 levels left

rFire   + . .        k - +0 dagger (venom)
rCold   . . .        (no shield)
rNeg    + . .        a - +0 robe
rPois   .            I - +0 hat
rElec   .            z - +1 cloak
rCorr   .            (no gloves)
SInv    .            (boots unavailable)
Will    .....        (no amulet)
Stlth   ++           w - ring of positive energy
HPRegen 0.28/turn    H - ring of protection from fire
MPRegen 0.15/turn

%: no passive effects
@: flying quickly and evasively, quick
A: beak, talons 3, nimble flight
a: Renounce Religion


You were on level 6 of the Dungeon.
You worshipped Vehumet.
Vehumet was noncommittal.
You visited 2 branches of the dungeon, and saw 7 of its levels.

You collected 233 gold pieces.

Inventory:

Hand Weapons
 k - a +0 dagger of venom (weapon)
 p - a +2 heavy mace
Missiles
 f - 9 poisoned darts
 F - a curare-tipped dart
Armour
 a - a +0 robe (worn)
 x - a +0 kite shield
 z - a +1 cloak (worn)
 I - a +0 hat (worn)
Magical Staves
 J - a staff of death
Jewellery
 w - a ring of positive energy (left hand)
 y - a ring of fire
 D - a ring of ice
 H - a ring of protection from fire (right hand)
Wands
 B - a wand of roots (13)
Scrolls
 d - 5 scrolls of identify {unknown}
 e - 2 scrolls of enchant weapon {unknown}
 g - 2 scrolls of blinking {unknown}
 m - 2 scrolls of magic mapping {unknown}
 n - 2 scrolls of enchant armour {unknown}
 r - 2 scrolls of fog {unknown}
 s - a scroll of torment {unknown}
 t - 4 scrolls of teleportation {unknown}
 A - a scroll of immolation {unknown}
 C - a scroll of noise {unknown}
 G - a scroll of amnesia {unknown}
Potions
 b - 2 potions of magic
 c - 4 potions of heal wounds
 h - 4 potions of curing {unknown}
 i - 4 potions of attraction
 j - 2 potions of lignification {unknown}
 l - 2 potions of brilliance {unknown}
 o - a potion of flight {unknown}
 q - 2 potions of mutation {unknown}
 u - a potion of invisibility
 v - a potion of degeneration {unknown}
 E - a potion of might {unknown}


   Skills:
 * Level 3.9 Fighting
 + Level 0.2 Short Blades
 * Level 4.6 Dodging
 + Level 2.3 Stealth
 + Level 5.0 Spellcasting
 * Level 6.7 Conjurations
 * Level 1.7 Ice Magic
 * Level 9.0 Air Magic
 * Level 2.6 Poison Magic


You had 6 spell levels left.
You knew the following spells:

 Your Spells              Type           Power      Damage    Failure   Level
a - Shock                 Conj/Air       100%       1d9       1%          1
b - Static Discharge      Conj/Air       64%        2-5/arc   1%          2
c - Swiftness             Air            37%        N/A       1%          3
d - Airstrike             Air            18%        2d(3-19)  3%          4
e - Poisonous Vapours     Pois/Air       50%        N/A       1%          2

Your spell library contained the following spells:

 Spells                   Type           Power      Damage    Failure   Level
 Magic Dart               Conj           100%       1d8       1%          1
 Mephitic Cloud           Conj/Pois/Air  26%        N/A       3%          3
 Freezing Cloud           Conj/Ice/Air   12%        6-21      32%         5


Dungeon Overview and Level Annotations

Branches:
Dungeon (6/15)             Temple (1/1) D:4

Altars:
Ashenzari
Cheibriados
Elyvilon
Fedhas
Hepliaklqana
Kikubaaqudgha
Nemelex Xobeh
Okawaru
Qazlal
Ru
Sif Muna
Uskayaw
Vehumet
Wu Jian
Yredelemnul

Shops:
D:5 *

Annotations:
D:4 4 transporters, comborobin's ghost, weakling DgDe


Innate Abilities, Weirdness & Mutations

You have a beak for a mouth.
You have claws for feet.
Your magical nature lets you fly swiftly and evasively.


Message History

Your Spellcasting skill increases to level 5!
Your Air Magic skill increases to level 9!
Casting: Shock (safe; 1% risk of failure)
Confirm with . or Enter, or press ? or * to list all spells.
Aiming: Poisonous Vapours (safe; 1% risk of failure)
Press: ? - help, Dir - move target, f - yak
Aim: a yak (heavily wounded) Poisonous vapours surround the yak!
The yak is poisoned.
The yak gores you.
* * * LOW HITPOINT WARNING * * *
Unknown command.
Casting: Poisonous Vapours (safe; 1% risk of failure)
Confirm with . or Enter, or press ? or * to list all spells.
Aiming: Shock (safe; 1% risk of failure)
Press: ? - help, Shift-Dir - straight line, f/p - yak
Aim: a yak (heavily wounded, poisoned, 84% to hit)
The zap hits the yak.
The yak is heavily wounded.
The zap hits the yak.
The yak is severely wounded.
The yak completely misses you.
You closely miss the yak. Your kick misses the yak.
You peck the yak, but do no damage. You punch the yak.
The yak is severely wounded.
The yak barely misses you.
Casting: Shock (safe; 1% risk of failure)
Confirm with . or Enter, or press ? or * to list all spells.
Aiming: Shock (safe; 1% risk of failure)
Press: ? - help, Shift-Dir - straight line, f/p - yak
Aim: a yak (severely wounded, poisoned, 84% to hit)
The zap hits the yak but does no damage.
The yak is severely wounded.
Unknown command.
You barely miss the yak. You peck the yak, but do no damage.
The yak is severely wounded.
The yak closely misses you.
You hit the yak but do no damage.
The yak looks even sicker.
You peck the yak, but do no damage.
The yak is severely wounded.
The yak gores you.
You die...

....<##.# ..# #......
....#.# ..## ##......
#..†####...# #.......
#..).....# ####.......
#........# ##..........
#.......## ##..####....#
#...)...####..####.....#
###..####....####......#
#..†Y@..###.......#...
##.†#..### #.#..####>.#
##...##..# ##.#.........
.###..#.###.###............
...............(.##....)...
).#####.###.##.........#..#
. #.###.#.............#
#.....#.....#####....
#####...###.........#


You could see a yak (very poisoned).

Vanquished Creatures
  Prince Ribbit (D:5)
  2 yaks (D:6)
  3 black bears
  2 ogres (D:4)
  A centaur (D:5)
  2 phantoms
  A bullfrog (D:6)
  2 kobold brigands (D:6)
  3 scorpions
  3 hounds
  A jelly (D:6)
  4 iguanas (D:5)
  2 sleepcaps
  5 gnolls
  7 adders
  A white imp (D:6)
  2 ufetubi
  8 orcs
  8 endoplasms
  3 giant cockroaches
  7 goblins
  2 hobgoblins
  6 jackals
  A quokka (D:3)
  7 ball pythons
  4 bats
  5 frilled lizards (D:1)
  8 kobolds
  5 rats
106 creatures vanquished.

Notes
Turn   | Place    | Note
-------+----------+-------------------------------------------
     0 | D:1      | Ekaitz the Tengu Air Elementalist began the quest for the
                  | Orb.
     0 | D:1      | Reached XP level 1. HP: 10/10 MP: 4/4
   163 | D:1      | Reached XP level 2. HP: 16/16 MP: 4/6
   167 | D:1      | Learned a level 2 spell: Static Discharge
   604 | D:1      | Found a faded altar of an unknown god.
  1148 | D:2      | Reached XP level 3. HP: 9/20 MP: 1/7
  1152 | D:2      | Learned a level 3 spell: Swiftness
  1357 | D:2      | Reached skill level 1 in Fighting
  2072 | D:3      | Reached XP level 4. HP: 25/25 MP: 4/8
  2158 | D:3      | Reached skill level 5 in Air Magic
  2725 | D:3      | Found a hide-covered altar of Uskayaw.
  2976 | D:4      | Found a transporter.
  2981 | D:4      | Noticed comborobin's ghost (weakling DgDe)
  3099 | D:4      | Gained mutation: Your magical nature lets you fly swiftly
                  | and evasively. [Tengu growth]
  3099 | D:4      | Reached XP level 5. HP: 19/29 MP: 2/10
  3215 | D:4      | Noticed an ogre
  3225 | D:4      | Killed an ogre
  3226 | D:4      | Reached XP level 6. HP: 35/35 MP: 5/11
  3231 | D:4      | Learned a level 4 spell: Airstrike
  3313 | D:4      | Found a staircase to the Ecumenical Temple.
  3324 | Temple   | Entered the Ecumenical Temple
  3603 | D:4      | Found a transporter.
  3672 | D:4      | Found a transporter.
  3975 | D:4      | Reached skill level 6 in Air Magic
  3975 | D:4      | Reached XP level 7. HP: 40/40 MP: 6/13
  4116 | D:4      | Found a transporter.
  4181 | D:5      | Entered Level 5 of the Dungeon
  4243 | D:5      | Reached skill level 5 in Conjurations
  4243 | D:5      | Reached skill level 1 in Poison Magic
  4747 | D:5      | Reached skill level 7 in Air Magic
  4747 | D:5      | Reached XP level 8. HP: 46/46 MP: 3/14
  4750 | D:5      | Learned a level 2 spell: Poisonous Vapours
  4846 | D:5      | Found a radiant altar of Vehumet.
  4847 | D:5      | Found an ancient bone altar of Kikubaaqudgha.
  4848 | D:5      | Found a shimmering blue altar of Sif Muna.
  4854 | D:5      | Got Vehumet's Folio of Trauma
  4856 | D:5      | Became a worshipper of Vehumet
  4973 | D:5      | Found Miuresch's Fire Supplies.
  5242 | D:5      | Noticed Prince Ribbit
  5248 | D:5      | Killed Prince Ribbit
  5340 | D:5      | Reached skill level 8 in Air Magic
  5507 | D:6      | Reached skill level 1 in Ice Magic
  5673 | D:6      | HP: 2/46 [poisoned by a kobold brigand (curare-tipped
                  | dart)]
  6033 | D:6      | Reached XP level 9. HP: 41/52 MP: 10/17
  6079 | D:6      | Found a stormy altar of Qazlal.
  6239 | D:6      | Reached skill level 5 in Spellcasting
  6239 | D:6      | Reached skill level 9 in Air Magic
  6245 | D:6      | Slain by a yak

Illustrated notes

Levels and vault maps discovered:
D:1:      roderic_dead_forest, layout_basic, basic_ecumenical_altar,
          minmay_lizard_pond
D:2:      layout_basic, serial_corexii_hall, chequers_hall_statues_wall_a,
          corexii_hall_statues_i
D:3:      layout_basic, nicolae_uskayaw_suspiria, grunt_ministairs_5
D:4:      gammafunk_cloud_chamber, layout_loops_cross,
          minmay_temple_entry_ruins, gammafunk_ghost_stat_death
D:5:      layout_gridville, grunt_temple_overflow_magic_moments,
          nicolae_shop_fire_sale [nicolae_sub_dead_trees], uniq_prince_ribbit1
D:6:      layout_rooms, lemuel_coloured_pillars_altar, st_stairs_4,
          dreamdust_gnoll_farm
Temple:   zaba_magenta_temple

Skill      XL: |  1  2  3  4  5  6  7  8  9 |
---------------+----------------------------+-----
Fighting       | 1 2 3 |  3.9
Conjurations   | 2 3 4 5 6 |  6.7
Air Magic      | 5 6 7 8 9 |  9.0
Dodging        | 3 4 |  4.6
Spellcasting   | 3 4 5 |  5.0
Poison Magic   | 1 2 |  2.6
Ice Magic      | 1 |  1.7
Short Blades   | |  0.2
Stealth        | |  2.3

Action                     |  1- 3 |  4- 6 |  7- 9 || total
---------------------------+-------+-------+-------++-------
  Melee: Dagger            |     3 |     6 |    20 ||    29
         Kick              |     1 |     1 |     4 ||     6
         Peck              |       |       |     7 ||     7
         Punch             |       |       |     1 ||     1
   Cast: Shock             |    57 |    94 |    89 ||   240
         Static Discharge  |     2 |     4 |     7 ||    13
         Airstrike         |       |       |    17 ||    17
         Poisonous Vapours |       |       |     3 ||     3
    Use: Potion            |       |       |     2 ||     2
 Armour: Robe              |       |     2 |     6 ||     8
  Dodge: Dodged            |     6 |    31 |    46 ||    83
